 Dungeon Crawl Stone Soup version 0.17-a0-1753-g75d4604 (webtiles) character file.

93 achirane the Gusty (level 4, -4/31 HPs)
             Began as a Mummy Air Elementalist on Sept 2, 2015.
             Slain by a gnoll
             ... wielding a +0 spear
              (9 damage)
             ... on level 3 of the Dungeon.
             The game lasted 00:53:48 (3505 turns).

achirane the Gusty (Mummy Air Elementalist)         Turns: 3505, Time: 00:53:48

Health: -4/31      AC:  2    Str: 11    XL:     4   Next: 37%
Magic:  0/8        EV: 12    Int: 15    God:
Gold:   143        SH:  0    Dex: 12    Spells: 1 memorised, 7 levels left

rFire  x . .     SeeInvis .     c - +0 club
rCold  + . .     Clarity  .     a - +0 robe
rNeg   + + +     SustAt   .     (no shield)
rPois  ∞         Gourm    .     (no helmet)
rElec  .         Spirit   .     (no cloak)
rCorr  .         Warding  .     (no gloves)
rMut   .         Stasis   .     (no boots)
MR     .....                    (no amulet)
Stlth  ++........               (no ring)
                                (no ring)

@: very slightly contaminated, not resistant to hostile enchantments, unstealthy
A: no food or potions, fire vulnerability, cold resistance 1, negative energy
resistance 3, torment resistance, unbreathing
a: no special abilities


You were on level 3 of the Dungeon.
You were not hungry.

You visited 1 branch of the dungeon, and saw 3 of its levels.

You collected 143 gold pieces.

Inventory:

Hand weapons
 c - a +0 club (weapon)
Missiles
 e - 4 javelins (quivered)
Armour
 a - a +0 robe (worn)
Jewellery
 g - a +3 ring of dexterity {unknown}
 i - a cursed -2 ring of intelligence {unknown}
Scrolls
 d - 3 scrolls of remove curse {unknown}
 f - a scroll of identify {unknown}
 j - a scroll of fear {unknown}
 k - 3 scrolls of immolation {unknown}
Potions
 h - 2 potions of lignification {unknown}
Books
 b - a book of Air

   Spells                             Type                      Level
   a - Shock                          Conjuration/Air              1
   b - Swiftness                      Charms/Air                   2
   c - Repel Missiles                 Charms/Air                   2
   d - Static Discharge               Conjuration/Air              3
   e - Lightning Bolt                 Conjuration/Air              5


   Skills:
 + Level 0.6 Fighting
 + Level 2.0 Dodging
 + Level 1.8 Stealth
 + Level 2.7 Spellcasting
 + Level 1.6 Conjurations
 + Level 3.0 Air Magic


You had 7 spell levels left.
You knew the following spells:

 Your Spells              Type           Power        Failure   Level  Hunger
a - Shock                 Conj/Air       #...         10%         1    N/A

Dungeon Overview and Level Annotations

Branches:
Dungeon (3/15)

Altars:
Vehumet
Zin


Innate Abilities, Weirdness & Mutations

You do not eat or drink.
Your flesh is vulnerable to fire.
You are immune to poison.
Your flesh is cold resistant.
You are immune to negative energy.
You are immune to unholy pain and torment.
You can survive without breathing.


Message History

The gnoll is heavily wounded.
The gnoll barely misses you.
You hit the gnoll but do no damage.
The gnoll is heavily wounded.
The gnoll barely misses you.
Casting: Shock
Confirm with . or Enter, or press ? or * to list all spells.
Aiming: Shock
Press: ? - help, Shift-Dir - straight line, f/p - gnoll
Aim: a gnoll, wielding a spear and wearing a ring mail (heavily wounded)
The zap hits the gnoll.
The gnoll appears unharmed.
The gnoll is heavily wounded.
The gnoll hits you with a spear!
* * * LOW HITPOINT WARNING * * *
Throwing (i - inventory):
e - 5 javelins (quivered)
Press: ? - help, Shift-Dir - straight line, f/p - gnoll
Aim: a gnoll, wielding a spear and wearing a ring mail (heavily wounded)
You throw a javelin. The javelin barely misses the gnoll.
The gnoll hits you with a spear!
You die...

#.# ....... #$# ....... #†#
.....r. #.# #.# ....... #.#
#.# #.# #.# #.# #.# ## #
#.#######g# . .#
###.#.....@.###.# .#... .
#...#.#........## #.......
####.........#####.###.# ....#
#......#.#..........#.# #†#.#
#.###..#.##.########..# #....
#.###..#.##.## #..# #.#.#
#..##...........####..####.#.#
#........!...##............).#
#[.####.####.#######..###...$.


You could see a gnoll.

Vanquished Creatures
  An adder (D:3)
  2 gnolls (D:3)
  3 giant geckos
  3 ball pythons
  10 bats
  4 giant cockroaches
  11 hobgoblins
  9 jackals
  3 kobolds (D:2)
  2 quokkas (D:2)
  8 goblins
  4 rats
60 creatures vanquished.

Vanquished Creatures (others)
  An adder (D:3)
  A quokka (D:3)
  A bat (D:3)
3 creatures vanquished.

Grand Total: 63 creatures vanquished

Notes
Turn   | Place    | Note
--------------------------------------------------------------
     0 | D:1      | achirane the Mummy Air Elementalist began the quest for the Orb.
     0 | D:1      | Reached XP level 1. HP: 13/13 MP: 3/3
   350 | D:1      | Reached XP level 2. HP: 5/19 MP: 0/5
   606 | D:1      | Reached skill level 1 in Conjurations
  1626 | D:2      | Reached XP level 3. HP: 22/24 MP: 3/6
  2577 | D:2      | Reached skill level 3 in Air Magic
  3077 | D:3      | Found a radiant altar of Vehumet.
  3088 | D:3      | Found a glowing silver altar of Zin.
  3216 | D:3      | Reached XP level 4. HP: 21/31 MP: 4/7
  3505 | D:3      | Slain by a gnoll

Vault maps used:
D:1:      grunt_arrival_crossed_arrows
D:2:      first_bread
D:3:      fiery_altar_vehumet, old_standard_altar

Action                   |  1- 3 |  4- 6 || total
-------------------------+-------+-------++-------
Melee: Club              |    69 |     8 ||    77
       Unarmed           |     1 |       ||     1
Throw: Javelin           |     4 |     1 ||     5
 Cast: Shock             |    89 |    21 ||   110
 Stab: Sleeping          |     1 |       ||     1
